[Event "41st Amateur D7"]
[Site "ChessGUI4"]
[Date "2013.07.08"]
[Round "22.2"]
[White "FireFly 2.6.0 64-bit"]
[Black "Butcher 1.64 64-bit"]
[Result "1-0"]
[BlackElo "2355"]
[ECO "B42"]
[EventDate "2013.??.??"]
[TimeControl "40/1500:40/1500:40/1500"]
[WhiteElo "2258"]

{ i5 Quad } 1.e4 c5 2.Nf3 e6 3.d4 cxd4 4.Nxd4 a6 5.Bd3 g6 6.b3 Bg7 7.Bb2 Nf6 8.O-O O-O 9.c4 Nh5
{ [%eval 53,11] [%emt 0:01:05] (d6) } 10.Qd2
{ [%eval 91,11] [%emt 0:00:56] (Qd2) } 10...d6
{ [%eval 57,11] [%emt 0:00:59] (Qf6) } 11.Ne2
{ [%eval 85,11] [%emt 0:00:55] (Be2) } 11...Bxb2
{ [%eval 42,12] [%emt 0:00:51] (Nf6) } 12.Qxb2
{ [%eval 76,12] [%emt 0:00:55] (Qxb2) } 12...Qg5
{ [%eval 43,12] [%emt 0:00:59] (Nc6) } 13.Nbc3
{ [%eval 71,11] [%emt 0:00:54] (f4) } 13...Nc6
{ [%eval 42,12] [%emt 0:01:04] (Rd8) } 14.Qc1
{ [%eval 78,11] [%emt 0:00:53] (f4) } 14...Qxc1
{ [%eval 36,13] [%emt 0:01:04] (Qxc1) } 15.Raxc1
{ [%eval 88,13] [%emt 0:00:44] (Raxc1) } 15...e5
{ [%eval 38,12] [%emt 0:01:02] (b6) } 16.Nd5
{ [%eval 104,12] [%emt 0:00:43] (Rcd1) } 16...Be6
{ [%eval 30,12] [%emt 0:01: 01] (Be6) } 17.Nec3
{ [%eval 103,12] [%emt 0:00:43] (c5) } 17...Rac8
{ [%eval 28,12] [%emt 0:01:00] (Bxd5) } 18.Rcd1
{ [%eval 104,11] [%emt 0:00:42] (Rfd1) } 18...Kh8
{ [%eval 30,12] [%emt 0:00:59] (Kg7) } 19.Nb6
{ [%eval 96,12] [%emt 0:00:42] (Be2) } 19...Rcd8
{ [%eval 25,13] [%emt 0:00:58] (Rcd8) } 20.Ncd5
{ [%eval 86,12] [%emt 0: 00:42] (Ne2) } 20...Nd4
{ [%eval 10,12] [%emt 0:00:57] (Nd4) } 21.f4
{ [%eval 86,11] [%emt 0:00:41] (Rd2) } 21...f6
{ [%eval 1,12] [%emt 0:01:24] (f6) } 22.f5
{ [%eval 90, 13] [%emt 0:00:41] (Rde1) } 22...gxf5
{ [%eval -31,13] [%emt 0:00:45] (gxf5) } 23.exf5
{ [%eval 78,12] [%emt 0:00:41] (exf5) } 23...Bxd5
{ [%eval -25,12] [%emt 0:00:40] (Bf7) } 24.Nxd5
{ [%eval 92,12] [%emt 0:00:40] (Nxd5) } 24...Rg8
{ [%eval -23,12] [%emt 0: 00:44] (Rg8) } 25.Be4
{ [%eval 99,11] [%emt 0:00:40] (Be4) } 25...Rg5
{ [%eval -19,11] [%emt 0:00:43] (b5) } 26.Rd2
{ [%eval 99,11] [%emt 0:00:39] (Rb1) } 26...Rd7
{ [%eval -25,11] [%emt 0:01:15] (b5) } 27.Rdf2
{ [%eval 113,11] [%emt 0:00:39] (Rfd1) } 27...Rdg7
{ [%eval -25,12] [%emt 0:00:39] (b5) } 28.b4
{ [%eval 115,12] [%emt 0:00:38] (Re1) } 28...Rg8
{ [%eval -43,11] [%emt 0:00:38] (Rg8) } 29.a4
{ [%eval 115,11] [%emt 0:00:38] (a4) } 29...Rc8
{ [%eval -31,12] [%emt 0:00:38] (Rc8) } 30.Bd3
{ [%eval 109, 11] [%emt 0:00:37] (Bd3) } 30...Rg4
{ [%eval -33,11] [%emt 0:00:32] (Rg7) } 31.Re1
{ [%eval 105,11] [%emt 0:00:37] (Re1) } 31...Rcg8
{ [%eval -25,11] [%emt 0:00:36] (a5) } 32.Be4
{ [%eval 114,11] [%emt 0:00:36] (Re3) } 32...Rc8
{ [%eval -33,11] [%emt 0:00: 33] (Rc8) } 33.Kf1
{ [%eval 109,11] [%emt 0:00:36] (Bd3) } 33...Rc6
{ [%eval -35,11] [%emt 0:00:30] (Rg7) } 34.a5
{ [%eval 112,11] [%emt 0:00:35] (Bd3) } 34...Rg7
{ [%eval -8,12] [%emt 0:00:28] (Rg5) } 35.Bd3
{ [%eval 114,12] [%emt 0:00:34] (Bd3) } 35...Rf7
{ [%eval -8,11] [%emt 0:00:23] (Rg5) } 36.Re4
{ [%eval 126,12] [%emt 0:00:34] (Kg1) } 36...Ng7
{ [%eval -1,12] [%emt 0:00:24] (Ng7) } 37.Rh4
{ [%eval 146, 12] [%emt 0:00:33] (Ne3) } 37...Ne8
{ [%eval -9,11] [%emt 0:00:23] (Rc8) } 38.Nb6
{ [%eval 140,12] [%emt 0:00:32] (Kg1) } 38...Rg7
{ [%eval -26,11] [%emt 0:00:18] (Rg7) } 39.Rxd4
{ [%eval 161,13] [%emt 0:00:31] (Nd5) } 39...exd4
{ [%eval -7,13] [%emt 0:00: 19] (exd4) } 40.Re2
{ [%eval 151,13] [%emt 0:00:24] (Rf4) } 40...Nc7
{ [%eval 0,13] [%emt 0:00:14] (Nc7) } 41.Re4
{ [%eval 170,13] [%emt 0:00:35] (Re4) } 41...Rg5
{ [%eval 30,14] [%emt 0:00:47] (h5) } 42.Rxd4
{ [%eval 190,13] [%emt 0:00:35] (Rxd4) } 42...Ne8
{ [%eval 58,14] [%emt 0:01:26] (Ne8) } 43.h4
{ [%eval 180,14] [%emt 0:00:35] (c5) } 43...Rg8
{ [%eval 58,14] [%emt 0:02:00] (Rg8) } 44.Be4
{ [%eval 191,14] [%emt 0:00:35] (Nd5) } 44...Rc7
{ [%eval 68,15] [%emt 0:01:18] (Rc7) } 45.Bd5
{ [%eval 204,14] [%emt 0:00:35] (Bd5) } 45...Rgg7
{ [%eval 117,15] [%emt 0:01:15] (Rg3) } 46.Be6
{ [%eval 222,14] [%emt 0:00:35] (Re4) } 46...Rc6
{ [%eval 114,14] [%emt 0:01: 20] (h5) } 47.g4
{ [%eval 268,14] [%emt 0:00:35] (Nd5) } 47...d5
{ [%eval 150,14] [%emt 0:01:17] (Nc7) } 48.Nxd5
{ [%eval 315,13] [%emt 0:00:35] (g5) } 48...Rd6
{ [%eval 117,14] [%emt 0:00:36] (Rd6) } 49.Ke2
{ [%eval 277,14] [%emt 0:00:35] (Ke2) } 49...h6
{ [%eval 122,14] [%emt 0:00:42] (Nc7) } 50.Ke3
{ [%eval 329,14] [%emt 0:00:35] (Kf3) } 50...Rd8
{ [%eval 121,13] [%emt 0:00:41] (Rd8) } 51.c5
{ [%eval 300, 14] [%emt 0:00:35] (Kd3) } 51...Ra8
{ [%eval 171,14] [%emt 0:00:40] (h5) } 52.Nf4
{ [%eval 339,13] [%emt 0:00:35] (Nb6) } 52...Rc7
{ [%eval 217,13] [%emt 0:00:39] (Nc7) } 53.Ng6+
{ [%eval 372,13] [%emt 0:00:32] (Kf3) } 53...Kh7
{ [%eval 195,13] [%emt 0:00: 39] (Kh7) } 54.Nf8+
{ [%eval 347,13] [%emt 0:00:35] (Nf8) } 54...Kh8
{ [%eval 229,13] [%emt 0:00:28] (Kh8) } 55.Nd7
{ [%eval 342,14] [%emt 0:00:35] (Nd7) } 55...Rc6
{ [%eval 198,13] [%emt 0:00:33] (Rd8) } 56.Nb6
{ [%eval 485,13] [%emt 0:00:22] (Bd5) } 56...Rb8
{ [%eval 252,14] [%emt 0:00:58] (Rb8) } 57.Kf3
{ [%eval 452,13] [%emt 0:00:22] (Rd2) } 57...Rc7
{ [%eval 205,14] [%emt 0:00:31] (Rc7) } 58.Bd7
{ [%eval 420, 13] [%emt 0:00:22] (Kf4) } 58...Rd8
{ [%eval 158,14] [%emt 0:00:31] (Kg7) } 59.Rd5
{ [%eval 458,14] [%emt 0:00:23] (Kf4) } 59...Rb8
{ [%eval 257,15] [%emt 0:00:53] (Ng7) } 60.Ke4
{ [%eval 460,13] [%emt 0:00:23] (Bxe8) } 60...Kg8
{ [%eval 169,13] [%emt 0:00: 29] (Rd8) } 61.Rd4
{ [%eval 464,13] [%emt 0:00:23] (Kf3) } 61...Kg7
{ [%eval 167,13] [%emt 0:00:29] (Kg7) } 62.Rd3
{ [%eval 422,13] [%emt 0:00:24] (Be6) } 62...Rd8
{ [%eval 153,13] [%emt 0:00:28] (Rd8) } 63.Kf4
{ [%eval 420,14] [%emt 0:00:24] (Rd5) } 63...Kf8
{ [%eval 244,13] [%emt 0:00:28] (Kf7) } 64.Rd5
{ [%eval 418,14] [%emt 0:00:24] (g5) } 64...Ke7
{ [%eval 295,13] [%emt 0:00:44] (Ke7) } 65.Ba4
{ [%eval 430, 14] [%emt 0:00:25] (Ba4) } 65...Rb8
{ [%eval 389,14] [%emt 0:00:45] (Ng7) } 66.Rd1
{ [%eval 453,13] [%emt 0:00:25] (Bb3) } 66...Kf7
{ [%eval 330,12] [%emt 0:00:18] (Kf7) } 67.Bb3+
{ [%eval 456,13] [%emt 0:00:26] (Nd7) } 67...Kg7
{ [%eval 348,13] [%emt 0:00: 18] (Kg7) } 68.Nd7
{ [%eval 468,14] [%emt 0:00:26] (Nd7) } 68...Ra8
{ [%eval 411,12] [%emt 0:00:18] (Ra8) } 69.Be6
{ [%eval 498,14] [%emt 0:00:27] (g5) } 69...Kh8
{ [%eval 338,12] [%emt 0:00:17] (Rcc8) } 70.g5
{ [%eval 529,14] [%emt 0:00:27] (g5) } 70...Rd8
{ [%eval 393,11] [%emt 0:00:15] (Rd8) } 71.gxh6
{ [%eval 526,15] [%emt 0:00:28] (Re1) } 71...Rc6
{ [%eval 353,12] [%emt 0:00:17] (Rc6) } 72.Bf7
{ [%eval 505, 14] [%emt 0:00:29] (Bb3) } 72...Nc7
{ [%eval 341,12] [%emt 0:00:16] (Nd6) } 73.h5
{ [%eval 508,14] [%emt 0:00:29] (h5) } 73...Nb5
{ [%eval 340,12] [%emt 0:00:16] (Nb5) } 74.Be6
{ [%eval 505,14] [%emt 0:00:30] (Ke3) } 74...Nc7
{ [%eval 380,12] [%emt 0:00: 15] (Nc7) } 75.Bc4
{ [%eval 496,14] [%emt 0:00:31] (Bc4) } 75...Nb5
{ [%eval 344,12] [%emt 0:00:16] (Nb5) } 76.Rd3
{ [%eval 463,14] [%emt 0:00:32] (Bxb5) } 76...Na3
{ [%eval 345,12] [%emt 0:00:16] (Na3) } 77.Be6
{ [%eval 460,14] [%emt 0:00:33] (Be6) } 77...Nc2
{ [%eval 353,12] [%emt 0:00:13] (Nc2) } 78.Ke4
{ [%eval 470,14] [%emt 0:00:34] (Rb3) } 78...Rc7
{ [%eval 330,12] [%emt 0:00:15] (Rc7) } 79.Rd6
{ [%eval 499, 14] [%emt 0:00:36] (Rd6) } 79...Nxb4
{ [%eval 340,12] [%emt 0:00:15] (Nxb4) } 80.Nxf6
{ [%eval 508,14] [%emt 0:00:38] (Nxf6) } 80...Ra8
{ [%eval 359,12] [%emt 0:00:17] (Nc6) } 81.Nd7
{ [%eval 554,13] [%emt 0:00:25] (Rd7) } 81...Kh7
{ [%eval 587,14] [%emt 0:01: 26] (Kh7) } 82.Kf4
{ [%eval 642,13] [%emt 0:00:26] (Kf4) } 82...Nc6
{ [%eval 700,14] [%emt 0:01:24] (Kxh6) } 83.Kg5
{ [%eval 689,13] [%emt 0:00:26] (Nb6) } 83...Nd8
{ [%eval 655,14] [%emt 0:00:46] (Kh8) } 84.Bd5
{ [%eval 728,14] [%emt 0:00:26] (Bd5) } 84...Rac8
{ [%eval 668,14] [%emt 0:01:20] (Nc6) } 85.f6
{ [%eval 726,14] [%emt 0:00:26] (f6) } 85...Ra8
{ [%eval 797,15] [%emt 0:01:13] (Ra8) } 86.Nf8+
{ [%eval 806, 14] [%emt 0:00:27] (f7) } 86...Kh8
{ [%eval 614,8] [%emt 0:00:00] (Kh8) } 87.Ng6+
{ [%eval 806,14] [%emt 0:00:27] (Rd7) } 87...Kh7
{ [%eval 555,8] [%emt 0:00:00] (Kh7) } 88.Ne5
{ [%eval 828,14] [%emt 0:00:27] (Nf8) } 88...b6
{ [%eval 879,14] [%emt 0:01:28] (Rac8) } 89.Be4+
{ [%eval 4266,13] [%emt 0:00:41] (Be4) } 89...Kh8
{ [%eval 1,1] [%emt 0:00:00] (Kg8) } 90.Bxa8 b5
{ [%eval 1,1] [%emt 0:00:00] (Nb7) } 91.Rxd8+ Kh7
{ [%eval 1,1] [%emt 0:00:00] (Kh7) } 92.Be4# 1-0

[Event "41st Amateur D7"]
[Site "ChessGUI4"]
[Date "2013.07.08"]
[Round "22.3"]
[White "ChessKiss 1.7 64-bit"]
[Black "Gibbon 2.57a 64-bit"]
[Result "1/2-1/2"]
[BlackElo "2251"]
[ECO "A87"]
[EventDate "2013.??.??"]
[TimeControl "40/1500:40/1500:40/1500"]
[WhiteElo "2214"]

{ i5 Quad } 1.Nf3 d6 2.d4 g6 3.c4 f5 4.Nc3 Nf6 5.g3 Bg7 6.Bg2 O-O 7.O-O Qe8 8.d5 Na6 9.Nd4 Bd7 { [%eval -48,13] [%emt 0:01: 49] (Bd7) } 10.Rb1
{ [%eval 51,11] [%emt 0:00:44] (Re1) } 10...c5
{ [%eval -37,13] [%emt 0:00:57] (c6) } 11.Ne6
{ [%eval 62,13] [%emt 0:00:40] (dxc6) } 11...Bxe6
{ [%eval -18,14] [%emt 0:00:34] (Bxe6) } 12.dxe6
{ [%eval 71,13] [%emt 0:00:39] (dxe6) } 12...Nc7
{ [%eval -20,14] [%emt 0:00:42] (Rb8) } 13.Bxb7
{ [%eval 51,13] [%emt 0:00:38] (Bxb7) } 13...Rb8
{ [%eval -21,14] [%emt 0:00:20] (Rb8) } 14.Bg2
{ [%eval 48,13] [%emt 0:00:37] (Bg2) } 14...Nxe6
{ [%eval -23,13] [%emt 0:00:34] (Nxe6) } 15.Be3
{ [%eval 46,12] [%emt 0:00:35] (b3) } 15...Qd7
{ [%eval -9,11] [%emt 0:00:29] (Kh8) } 16.Bd2
{ [%eval 38,11] [%emt 0:00:34] (Bf3) } 16...h6
{ [%eval -2,11] [%emt 0: 00:22] (Kh8) } 17.Kh1
{ [%eval 47,11] [%emt 0:00:33] (Qc2) } 17...Rb6
{ [%eval 16,11] [%emt 0:00:19] (Kh7) } 18.Qa4
{ [%eval 79,11] [%emt 0:00:32] (Qa4) } 18...Qxa4
{ [%eval 17,14] [%emt 0:00:25] (Kh7) } 19.Nxa4
{ [%eval 48,14] [%emt 0:00:31] (Nxa4) } 19...Ra6
{ [%eval 14,15] [%emt 0:00:37] (Rbb8) } 20.Nc3
{ [%eval 51,14] [%emt 0:00:28] (b3) } 20...Rb8
{ [%eval 21,11] [%emt 0:00:17] (Ng5) } 21.f4
{ [%eval 51,12] [%emt 0:00:30] (b3) } 21...Kf7
{ [%eval 35,12] [%emt 0:00:16] (Nd4) } 22.a3
{ [%eval 27,12] [%emt 0:00:27] (b3) } 22...Nd4
{ [%eval 61,13] [%emt 0:00:22] (Nd4) } 23.e4
{ [%eval 44,12] [%emt 0:00:28] (e3) } 23...Nb3
{ [%eval 79,13] [%emt 0:00:20] (Nb3) } 24.Be1
{ [%eval 19,13] [%emt 0:00:28] (Be1) } 24...fxe4
{ [%eval 104,14] [%emt 0:00:32] (fxe4) } 25.Nxe4
{ [%eval -15,13] [%emt 0:00:27] (Nxe4) } 25...Ng4
{ [%eval 74,14] [%emt 0:00:55] (Ng4) } 26.f5
{ [%eval -32,12] [%emt 0:00:26] (13) } 26...Ne3
{ [%eval 109,13] [%emt 0:00:23] (g5) } 27.fxg6+
{ [%eval -28,12] [%emt 0:00:25] (fxg6) } 27...Kxg6
{ [%eval 130,13] [%emt 0:00:05] (Kxg6) } 28.Rf4
{ [%eval -31,11] [%emt 0:00: 25] (Rf2) } 28...Be5
{ [%eval 124,13] [%emt 0:00:22] (Nd4) } 29.Rf3
{ [%eval -92,12] [%emt 0:00:23] (Rf3) } 29...Nxg2
{ [%eval 166,14] [%emt 0:00:23] (Nxg2) } 30.Kxg2
{ [%eval -97,13] [%emt 0:00:23] (Kxg2) } 30...Nd4
{ [%eval 155,14] [%emt 0:00:17] (Nd4) } 31.Rf2
{ [%eval -125,13] [%emt 0:00:20] (Rd3) } 31...Rxa3
{ [%eval 164,14] [%emt 0:00: 20] (Rxa3) } 32.Bc3
{ [%eval -156,12] [%emt 0:00:23] (Bc3) } 32...Ra4
{ [%eval 184,13] [%emt 0:00:13] (Nc6) } 33.Nd2
{ [%eval -137,12] [%emt 0:00:22] (Nd2) } 33...a5
{ [%eval 210,13] [%emt 0:00:14] (Nc6) } 34.Kh1
{ [%eval -115,11] [%emt 0:00:20] (h3) } 34...Nc6
{ [%eval 277,15] [%emt 0:00:27] (Kh5) } 35.Bxe5
{ [%eval -218,13] [%emt 0:00:20] (Bxe5) } 35...Nxe5
{ [%eval 332,15] [%emt 0:00:26] (Nxe5) } 36.b3
{ [%eval -330,13] [%emt 0:00:20] (b3) } 36...Ra2
{ [%eval 344,15] [%emt 0:00:09] (Ra2) } 37.Rbf1
{ [%eval -370,14] [%emt 0:00:24] (Kg2) } 37...a4
{ [%eval 322,15] [%emt 0:00: 21] (a4) } 38.bxa4
{ [%eval -374,15] [%emt 0:00:18] (bxa4) } 38...Rbb2
{ [%eval 271,14] [%emt 0:00:04] (Rbb2) } 39.Ne4
{ [%eval -379,16] [%emt 0:00:17] (Ne4) } 39...Rxf2
{ [%eval 338,16] [%emt 0:00:12] (Rxf2) } 40.Rxf2
{ [%eval -408,15] [%emt 0:00:17] (Rxf2) } 40...Rxa4
{ [%eval 338,16] [%emt 0:00:06] (Rxa4) } 41.Nc3
{ [%eval -416,16] [%emt 0:00:59] (Nc3) } 41...Rxc4
{ [%eval 343,16] [%emt 0:00:36] (Ra1) } 42.Nd5
{ [%eval -384,15] [%emt 0:01:00] (Nd5) } 42...Nc6
{ [%eval 330,15] [%emt 0:00:27] (Rc1) } 43.Rf8
{ [%eval -381,14] [%emt 0:00:56] (Kg2) } 43...Re4
{ [%eval 332,15] [%emt 0:00: 29] (Rc1) } 44.Kg2
{ [%eval -421,14] [%emt 0:00:54] (Nf4) } 44...Nd4
{ [%eval 329,15] [%emt 0:01:14] (Nd4) } 45.h3
{ [%eval -427,13] [%emt 0:00:48] (Kh3) } 45...e6
{ [%eval 345,14] [%emt 0:00:26] (e6) } 46.Nf4+
{ [%eval -429,15] [%emt 0:00:55] (Nf4) } 46...Kg7
{ [%eval 345,16] [%emt 0:00:38] (Kg7) } 47.Rc8
{ [%eval -435,15] [%emt 0:00:49] (Rc8) } 47...e5
{ [%eval 355,16] [%emt 0:00:46] (e5) } 48.Nd5
{ [%eval -421,15] [%emt 0:00:48] (Nd5) } 48...Re2+
{ [%eval 357,15] [%emt 0:00:56] (Re2) } 49.Kf1
{ [%eval -436,15] [%emt 0:00:47] (Kf1) } 49...Rh2
{ [%eval 342,15] [%emt 0:01:12] (Ra2) } 50.Rd8
{ [%eval -420,13] [%emt 0:00:45] (Nc3) } 50...Nf5
{ [%eval 340,16] [%emt 0:01:04] (c4) } 51.g4
{ [%eval -347,14] [%emt 0:00:44] (g4) } 51...Nd4
{ [%eval 340,16] [%emt 0:00:21] (Rh1) } 52.Rxd6
{ [%eval -353,15] [%emt 0:00:43] (Rxd6) } 52...Rxh3
{ [%eval 357,16] [%emt 0:00:38] (Rxh3) } 53.Rd7+
{ [%eval -358,14] [%emt 0: 00:42] (Kg2) } 53...Kg6
{ [%eval 386,17] [%emt 0:00:40] (Kg6) } 54.Kg2
{ [%eval -387, 15] [%emt 0:00:38] (Kg2) } 54...Rd3
{ [%eval 398,16] [%emt 0:00:32] (Rd3) } 55.Re7
{ [%eval -420,14] [%emt 0:00:42] (Kf2) } 55...Nc2
{ [%eval 433,16] [%emt 0:00:24] (Nc2) } 56.Nb6
{ [%eval -420,14] [%emt 0:00:38] (Re6) } 56...Ne3+
{ [%eval 401,15] [%emt 0:00: 28] (Ne3) } 57.Kf3
{ [%eval -428,14] [%emt 0:00:37] (Kf2) } 57...Nd5+
{ [%eval 442,16] [%emt 0:00:28] (Rb3) } 58.Ke2
{ [%eval -389,15] [%emt 0:00:35] (Ke2) } 58...Re3+
{ [%eval 320,17] [%emt 0:01:09] (Nf4) } 59.Kd2
{ [%eval -301,18] [%emt 0:00:35] (Kf2) } 59...Nxe7
{ [%eval 340,20] [%emt 0:00:23] (Nxb6) } 60.Kxe3
{ [%eval -304,21] [%emt 0:00:34] (Kxe3) } 60...Kg5
{ [%eval 291,20] [%emt 0:01:18] (Kg5) } 61.Kf3
{ [%eval -303,20] [%emt 0:00:33] (Kf3) } 61...Nc6
{ [%eval 275,21] [%emt 0:00:59] (Nc6) } 62.Nc4
{ [%eval -282,19] [%emt 0:00:32] (Nc4) } 62...Kf6
{ [%eval 269,21] [%emt 0:00: 33] (Kh4) } 63.Ke3
{ [%eval -297,21] [%emt 0:00:30] (Ke3) } 63...Ne7
{ [%eval 265,21] [%emt 0:00:33] (Ke7) } 64.Ke4
{ [%eval -273,19] [%emt 0:00:30] (Ke4) } 64...Ng6
{ [%eval 186,20] [%emt 0:00:27] (Ng6) } 65.Nd6
{ [%eval -239,20] [%emt 0:00:29] (Nd6) } 65...Ke6
{ [%eval 195,21] [%emt 0:00:21] (Ne7) } 66.Nc4
{ [%eval -240,21] [%emt 0:00:29] (Nc4) } 66...Nh8
{ [%eval 186,21] [%emt 0:00:16] (Nh8) } 67.Nxe5
{ [%eval -241,21] [%emt 0:00:28] (Nxe5) } 67...Nf7
{ [%eval 190,21] [%emt 0:00:21] (Nf7) } 68.Nd3
{ [%eval -250,19] [%emt 0:00:27] (Nc6) } 68...Ng5+
{ [%eval 109,20] [%emt 0: 00:21] (Nd6) } 69.Ke3
{ [%eval -240,20] [%emt 0:00:26] (Kf4) } 69...Kd6
{ [%eval 109, 21] [%emt 0:00:21] (Kd6) } 70.Nb2
{ [%eval -250,19] [%emt 0:00:25] (Kf4) } 70...Kd5
{ [%eval 93,21] [%emt 0:00:22] (Kd5) } 71.Kf4
{ [%eval -250,18] [%emt 0:00:24] (Kf4) } 71...Ke6
{ [%eval 103,22] [%emt 0:00:25] (Kd4) } 72.Nc4
{ [%eval -248,18] [%emt 0:00:24] (Na4) } 72...Nf7
{ [%eval 118,21] [%emt 0:00:29] (Nf7) } 73.Na3
{ [%eval -256,17] [%emt 0:00:23] (Ne3) } 73...Ne5
{ [%eval 137,18] [%emt 0:00:17] (Ne5) } 74.Nb5
{ [%eval -252,17] [%emt 0:00:23] (Nb5) } 74...Nd3+
{ [%eval 109,18] [%emt 0:00: 18] (Kf6) } 75.Ke4
{ [%eval -238,18] [%emt 0:00:22] (Ke4) } 75...Nf2+
{ [%eval 97,20] [%emt 0:00:52] (Nf2) } 76.Kf3
{ [%eval -238,19] [%emt 0:00:22] (Kf3) } 76...Nh3
{ [%eval 96,21] [%emt 0:00:28] (Nh3) } 77.Kg3
{ [%eval -229,19] [%emt 0:00:20] (Ke4) } 77...Ng5
{ [%eval 94,22] [%emt 0:00:24] (Ng5) } 78.Kh4
{ [%eval -221,20] [%emt 0:00:19] (Kf4) } 78...Kf6
{ [%eval 124,20] [%emt 0:00:16] (Nf7) } 79.Kh5
{ [%eval -211, 21] [%emt 0:00:22] (Nd6) } 79...Nf7
{ [%eval 145,24] [%emt 0:00:27] (Nf7) } 80.Na3
{ [%eval -211,21] [%emt 0:00:18] (Na3) } 80...Kg7
{ [%eval 105,25] [%emt 0:00:49] (Ke5) } 81.Nc4
{ [%eval -210,23] [%emt 0:00:57] (Nc4) } 81...Kh7
{ [%eval 124,25] [%emt 0:01: 18] (Kf6) } 82.Ne3
{ [%eval -154,21] [%emt 0:00:59] (Na5) } 82...Ng5
{ [%eval 106,24] [%emt 0:00:49] (Kg7) } 83.Nc4
{ [%eval -157,22] [%emt 0:00:58] (Nc4) } 83...Ne6
{ [%eval 105,23] [%emt 0:00:36] (Kg7) } 84.Kh4
{ [%eval -156,22] [%emt 0:00:50] (Nb6) } 84...Kg6
{ [%eval 77,23] [%emt 0:02:31] (Kg7) } 85.Ne5+
{ [%eval -152,21] [%emt 0:00:54] (Ne5) } 85...Kg7
{ [%eval 73,24] [%emt 0:01:34] (Kg7) } 86.Nc4
{ [%eval -158,20] [%emt 0:00:53] (Kg3) } 86...Ng5
{ [%eval 107,20] [%emt 0:00:38] (Ng5) } 87.Kh5
{ [%eval -140,22] [%emt 0:00:52] (Kg3) } 87...Ne6
{ [%eval 89,23] [%emt 0:00: 51] (Nf7) } 88.Kh4
{ [%eval -140,22] [%emt 0:00:50] (Kh4) } 88...Ng5
{ [%eval 96,23] [%emt 0:00:53] (Ng5) } 89.Kh5
{ [%eval -127,22] [%emt 0:00:47] (Kg3) } 89...Ne4
{ [%eval 96,24] [%emt 0:00:35] (Ne4) } 90.Ne5
{ [%eval -120,21] [%emt 0:00:47] (Ne5) } 90...Kh7
{ [%eval 88,24] [%emt 0:00:53] (Nf6) } 91.Nc4
{ [%eval -120,21] [%emt 0:00:41] (Nc4) } 91...Ng5
{ [%eval 82,23] [%emt 0:00:27] (Nf6) } 92.Nd6
{ [%eval -124, 22] [%emt 0:00:45] (Kh4) } 92...Nh3
{ [%eval 93,23] [%emt 0:00:33] (Nf3) } 93.Kh4
{ [%eval -130,22] [%emt 0:00:43] (Kh4) } 93...Nf4
{ [%eval 88,23] [%emt 0:01:08] (Nf4) } 94.Kg3
{ [%eval -130,22] [%emt 0:00:42] (Kg3) } 94...Nd3
{ [%eval 83,22] [%emt 0:00: 25] (Nd3) } 95.Nc4
{ [%eval -162,22] [%emt 0:00:41] (Kf3) } 95...Kg6
{ [%eval 88,22] [%emt 0:00:30] (Kg6) } 96.Kf3
{ [%eval -125,20] [%emt 0:00:40] (Kh4) } 96...Kf6
{ [%eval 99,21] [%emt 0:01:08] (Kg5) } 97.Ke4
{ [%eval -120,21] [%emt 0:00:37] (Ke4) } 97...Nf2+
{ [%eval 94,21] [%emt 0:00:23] (Nf2) } 98.Kf3
{ [%eval -140,21] [%emt 0:00:37] (Kf3) } 98...Nh3
{ [%eval 87,21] [%emt 0:00:32] (h5) } 99.Kg3
{ [%eval -180,20] [%emt 0:00:36] (Nb6) } 99...Ng5
{ [%eval 88,23] [%emt 0:00:24] (Ng5) } 100.Kh4
{ [%eval -174,21] [%emt 0:00:36] (Nb6) } 100...Kg6
{ [%eval 116,21] [%emt 0:00:41] (Ke6) } 101.Ne5+
{ [%eval -182,21] [%emt 0:00:34] (Ne5) } 101...Kg7
{ [%eval 89,24] [%emt 0:01:05] (Kg7) } 102.Nc4
{ [%eval -197,21] [%emt 0:00:33] (Nc4) } 102...Ne6
{ [%eval 88,23] [%emt 0:00:28] (Nf7) } 103.Nd6
{ [%eval -140,20] [%emt 0:00:32] (Nb6) } 103...Kg6
{ [%eval 175,4] [%emt 0:00:30] (Ng5) } 104.Kg3
{ [%eval -120,19] [%emt 0:00:31] (Nc4) } 104...Nd8
{ [%eval 76,21] [%emt 0:00:35] (h5) } 105.Kf4
{ [%eval -125,19] [%emt 0:00:31] (Kf4) } 105...Nc6
{ [%eval 24,21] [%emt 0:00:31] (Nf7) } 106.Ke4
{ [%eval -120,20] [%emt 0:00:30] (Ke4) } 106...Nb8
{ [%eval 25,21] [%emt 0:00: 10] (Nb4) } 107.Nc4
{ [%eval -136,20] [%emt 0:00:29] (Kd5) } 107...Nd7
{ [%eval 29,21] [%emt 0:00:18] (Nd7) } 108.Kf4
{ [%eval -115,20] [%emt 0:00:28] (Kf4) } 108...Kf7
{ [%eval 30,21] [%emt 0:00:12] (Kf6) } 109.Kf5
{ [%eval -35,20] [%emt 0:00:27] (Kf5) } 109...Ke7
{ [%eval 5,21] [%emt 0:00:21] (Ke7) } 110.Na5
{ [%eval -52,17] [%emt 0:00:27] (Kg6) } 110...Kf7
{ [%eval 4,21] [%emt 0:00:19] (Kd6) } 111.Nc4
{ [%eval -1,21] [%emt 0:00:26] (Nc4) } 111...Kg7
{ [%eval 3,22] [%emt 0:00:18] (Ke7) } 112.Ke6
{ [%eval 0,22] [%emt 0:00:24] (Ke6) } 112...Nf6
{ [%eval 0,23] [%emt 0:00:14] (Nf6) } 113.Kf5
{ [%eval 0,25] [%emt 0:00:25] (Kf5) } 113...Nxg4
{ [%eval 0,25] [%emt 0:01:04] (h5) } 114.Kxg4
{ [%eval 0,21] [%emt 0:00:23] (Kxg4) } 1/2-1/2